 Dungeon Crawl Stone Soup version 0.27-a0-789-g6bb3289e1e (webtiles) character file.

Game seed: 5646210688652335455

128 rageheart7 the Skirmisher (level 4, -10/40 HPs)
             Began as a Palentonga Berserker on Mar 26, 2021.
             Was a Believer of Trog.
             Killed by divine providence
             ... invoked by an orc priest
              (13 damage)
             ... on level 3 of the Dungeon.
             The game lasted 00:02:52 (2927 turns).

rageheart7 the Skirmisher (Palentonga Berserker)    Turns: 2927, Time: 00:02:54

Health: -10/40     AC:  6    Str: 21    XL:     4   Next: 86%
Magic:  4/4        EV:  9    Int:  7    God:    Trog [**....]
Gold:   118        SH:  0    Dex: 10    Spells: 3/3 levels left

rFire    + . .     SeeInvis +   d - +2 dagger (venom)
rCold    . . .     Faith    .   (no shield)
rNeg     . . .     Spirit   .   k - +2 leather armour {rF+}
rPois    .         Reflect  .   (no helmet)
rElec    .         Harm     .   (no cloak)
rCorr    .         Rampage  .   (no gloves)
Will     .....                  (no barding)
Stlth    +.........             (no amulet)
HPRegen  0.13/turn              (no ring)
MPRegen  0.09/turn              (no ring)

@: no status effects
A: large, rugged brown scales 3, see invisible, deformed body, roll 1, armoured
tail
a: Rolling Charge, Renounce Religion, Berserk, Trog's Hand


You were on level 3 of the Dungeon.
You worshipped Trog.
Trog was pleased with you.
You visited 1 branch of the dungeon, and saw 3 of its levels.

You collected 118 gold pieces.

Inventory:

Hand Weapons
 a - a +0 mace
 d - a +2 dagger of venom (weapon)
Armour
 k - a +2 leather armour of fire resistance (worn)
Jewellery
 b - a ring of protection from fire
Scrolls
 f - a scroll of magic mapping {unknown}
 h - a scroll of teleportation {unknown}
 j - a scroll of enchant weapon {unknown}
 l - a scroll of holy word {unknown}
Potions
 c - a potion of attraction
 g - 2 potions of invisibility


   Skills:
 * Level 4.5 Fighting
 * Level 4.5 Maces & Flails
 - Level 1.5 Armour
 - Level 1.5 Dodging


You had 3 spell levels left.
You didn't know any spells.
Your spell library was empty.

Dungeon Overview and Level Annotations

Branches:
Dungeon (3/15)

Altars:

Shops:
D:3 !


Innate Abilities, Weirdness & Mutations

You are completely covered in rugged brown scales. (AC +3, +7% HP)
You have supernaturally acute eyesight. (SInv)
Armour fits poorly on your strangely shaped body.
You can roll at nearby foes to attack.
You have a long armoured tail.


Message History

Pain shoots through your body!
You puncture the orc!
You kill the orc!
Trog accepts your kill.
You barely miss the orc. The orc priest hits you with a +0 mace.
The orc hits you with a +0 flail.
The quokka twitches its whiskers.
You closely miss the orc. You tail-slap the orc!
You kill the orc!
Trog accepts your kill.
An orc comes into view.
It is wielding a +0 hand axe of freezing.
The orc priest hits you but does no damage.
You closely miss the orc priest.
An orc comes into view. It is wielding a +0 dagger.
You barely miss the orc priest.
The orc shouts!
You tail-slap the orc priest.
The orc priest is lightly wounded.
The orc priest invokes the aid of Beogh against you.
Beogh smites you!
* * * LOW HITPOINT WARNING * * *
An orc priest comes into view.
It is wielding a +0 hand axe of freezing.
You barely miss the orc priest. You tail-slap the orc priest.
The orc priest is moderately wounded.
The quokka closely misses you. The orc priest barely misses you.
The quokka bites you.
* * * LOW HITPOINT WARNING * * *
You hit the orc priest.
The orc priest is poisoned.
You tail-slap the orc priest.
The orc priest is heavily wounded.
The orc priest hits you with a +0 mace.
* * * LOW HITPOINT WARNING * * *
The quokka bites you but does no damage.
You hit the orc priest.
The orc priest looks as sick as possible!
You tail-slap the orc priest, but do no damage.
The orc priest is severely wounded.
The orc priest mumbles some strange prayers to Beogh against you.
Beogh smites you!
You die...

#...................#
#...............>.
#....###....####..
..####...# #....# #..
.........# ♣....♣ #..
...####.## ♣...♣♣ #..
. #..# ♣♣.♣♣ #..
###..# .♣♣ #.. #@o..#
♣♣ #.. #r##.# #.#
#....oo# .# ###
#......# .# #..
##oo##.# .# #.. #.o
#.. .# #.. #. ### .#
#.# . #.# ## #.#


You could see 2 orc priests, an orc wizard, 2 orcs and a quokka.

Vanquished Creatures
  An orc priest (D:3)
  An adder (D:2)
  2 worms
  A dart slug (D:1)
  8 orcs (D:3)
  4 ball pythons (D:1)
  5 bats
  5 endoplasms
  3 giant cockroaches (D:2)
  6 hobgoblins
  10 jackals
  6 quokkas
  3 goblins
  3 kobolds
  6 rats
64 creatures vanquished.

Notes
Turn   | Place    | Note
-------+----------+-------------------------------------------
     0 | D:1      | rageheart7 the Palentonga Berserker began the quest for the
                  | Orb.
     0 | D:1      | Reached XP level 1. HP: 19/19 MP: 1/1
   281 | D:1      | Reached XP level 2. HP: 7/25 MP: 2/2
   726 | D:1      | Reached XP level 3. HP: 31/31 MP: 3/3
  1123 | D:1      | Reached ** piety under Trog
  2332 | D:3      | Reached XP level 4. HP: 26/39 MP: 4/4
  2613 | D:3      | Found Unuarph's Distillery.
  2915 | D:3      | HP: 2/40 [orc priest/divine providence (16)]
  2927 | D:3      | Killed from afar by an orc priest

Illustrated notes

Levels and vault maps discovered:
D:1:      psy_arrival_heroes, layout_loops_ring, minmay_ruptured
D:2:      layout_loops_corners
D:3:      layout_rooms, lemuel_coloured_pillars_altar, serial_shops,
          nicolae_shop_statue_plus, uniq_crazy_yiuf_cottage

Skill      XL: |  1  2  3 |
---------------+----------+-----
Fighting       | 4 |  4.5
Maces & Flails | 4 |  4.5
Armour         | |  1.5
Dodging        | |  1.5

Action                   |  1- 3 |  4- 6 || total
-------------------------+-------+-------++-------
Melee: Dagger            |    90 |    61 ||   151
       Tailslap          |    13 |    11 ||    24
       Mace              |     1 |       ||     1
 Abil: Rolling Charge    |     1 |       ||     1
  Use: Potion            |       |     5 ||     5
       Scroll            |       |     3 ||     3
Armor: Animal skin       |    25 |       ||    25
       Leather armour    |     5 |    23 ||    28
Dodge: Dodged            |    35 |    20 ||    55

Table legend: (Time is in decaauts)
 A = Elapsed time spent in this place.
 B = Non-inter-level travel time spent in this place.
 C = Inter-level travel time spent in this place.
 D = Time resting spent in this place.
 E = Time spent auto-exploring this place.
 F = Levels seen in this place.
 G = Mean time per level.
                   A        B        C        D        E       F      G
               +--------+--------+--------+--------+--------+-----+--------+
         Total |   2910 |   2849 |     61 |    294 |   2204 |   3 |  970.0 |
       Dungeon |   2910 |   2849 |     61 |    294 |   2204 |   3 |  970.0 |
               +--------+--------+--------+--------+--------+-----+--------+

Top non-repeatable levels by time:
     D:1: 1339 daAuts
     D:2: 983 daAuts
     D:3: 587 daAuts
